 Dungeon Crawl Stone Soup version 0.20-b1-18-gaa2fd62 (webtiles) character file.

18 miragecloak the Changer (level 2, -2/18 HPs)
             Began as an Octopode Transmuter on May 24, 2017.
             Slain by a worm (11 damage)
             ... on level 2 of the Dungeon.
             The game lasted 00:01:35 (1086 turns).

miragecloak the Changer (Octopode Transmuter)       Turns: 1086, Time: 00:01:36

Health: -2/18      AC:  1    Str:  9    XL:     2   Next: 70%
Magic:  4/5        EV: 13    Int: 15    God:
Gold:   50         SH:  0    Dex: 12    Spells: 4/5 levels left

rFire    . . .     SeeInvis .     - Unarmed
rCold    . . .     Gourm    .   (no shield)
rNeg     . . .     Faith    .   (helmet restricted)
rPois    .         Spirit   .   (no amulet)
rElec    .         Reflect  .   (no ring)
rCorr    .         Harm     .   (no ring)
MR       .....                  (no ring)
Stlth    ++........             (no ring)
Regen    0.1/turn               (no ring)
MPRegen  0.1/turn               (no ring)
                                (no ring)
                                (no ring)

@: appendage
A: almost no armour, stealthy swim, amphibious, 8 rings, constrict 8, tentacle
spike 3, camouflage 1, gelatinous body 1
a: End Transformation


You were on level 2 of the Dungeon.
You were hungry.
One of your tentacles had a temporary spike.
You visited 1 branch of the dungeon, and saw 2 of its levels.

You collected 50 gold pieces.

Inventory:

Missiles
 a - 26 arrows
Scrolls
 d - a scroll of teleportation {unknown}
 f - a scroll of blinking {unknown}
 g - a scroll of remove curse {unknown}
Potions
 e - a potion of degeneration {unknown}
 i - a potion of heal wounds {unknown}
Books
 b - a book of Changes

   Spells                             Type                      Level
   a - Beastly Appendage              Transmutation                1
   b - Sticks to Snakes               Transmutation                2
   c - Spider Form                    Transmutation/Poison         3
   d - Ice Form                       Ice/Transmutation            4
   e - Blade Hands                    Transmutation                5
Comestibles
 c - a bread ration
 h - 2 fruits
 j - a meat ration


   Skills:
 - Level 1.0 Fighting
 - Level 2.0 Dodging
 - Level 3.0 Unarmed Combat
 - Level 2.0 Spellcasting
 + Level 3.2 Transmutations


You had 4 spell levels left.
You knew the following spells:

 Your Spells              Type           Power        Failure   Level  Hunger
a - Beastly Appendage     Tmut           ##....       6%          1    #......


Dungeon Overview and Level Annotations

Branches:
Dungeon (2/15)

Altars:


Innate Abilities, Weirdness & Mutations

You cannot wear most types of armour.
You are very stealthy in the water. (Stealth+)
You are amphibious.
You can wear up to eight rings at the same time.
You can use your tentacles to constrict eight enemies at once.
Your skin changes colour to match your surroundings (Stealth+).
Your rubbery body absorbs attacks. (AC +1, EV +1)
One of your tentacles bears a large vicious spike.


Message History

A worm is nearby!
A worm is nearby!
A worm is nearby!
A worm is nearby!
Casting: Beastly Appendage
Confirm with . or Enter, or press ? or * to list all spells.
One of your tentacles grows a vicious spike.
Found a stone staircase leading down.
The worm bites you!
Ouch! That really hurt!
You are too injured to fight recklessly!
You are too injured to fight recklessly!
You are too injured to fight recklessly!
You are too injured to fight recklessly!
You are too injured to fight recklessly!
You tentacle-slap the worm. You grab the worm. You squeeze the worm.
The worm is moderately wounded.
You constrict the worm. The worm bites you!
Ouch! That really hurt!
You die...

#...........
#..........
#.........#
#.....>... ........
..... #w.# #@##
#..### ##...#
#########.##
##..........####
##..............$..
#..............#%.#
#................##
#..............###


You could see a worm.

Vanquished Creatures
  A dart slug (D:1)
  A leopard gecko (D:1)
  A goblin (D:1)
  4 hobgoblins (D:1)
  A kobold (D:1)
  A ball python (D:1)
  5 bats (D:1)
  A rat (D:1)
15 creatures vanquished.

Notes
Turn   | Place    | Note
-------+----------+-------------------------------------------
     0 | D:1      | miragecloak the Octopode Transmuter began the quest for the Orb.
     0 | D:1      | Reached XP level 1. HP: 13/13 MP: 3/3
     0 | D:1      | Noticed an orb of fire
     0 | D:1      | Noticed a tentacled monstrosity
     2 | D:1      | Noticed an ice dragon
     2 | D:1      | Noticed a tentacled monstrosity
     4 | D:1      | Noticed a shadow dragon
     5 | D:1      | Noticed an iron dragon
     6 | D:1      | Noticed an ice dragon
     8 | D:1      | Noticed a shadow dragon
    10 | D:1      | Noticed an ice dragon
    10 | D:1      | Noticed a shadow dragon
    12 | D:1      | Noticed an ice dragon
    14 | D:1      | Noticed a large abomination
    14 | D:1      | Noticed an iron dragon
    16 | D:1      | Noticed an iron dragon
   222 | D:1      | Reached XP level 2. HP: 10/18 MP: 5/5
  1086 | D:2      | Slain by a worm

Skill      XL: |  1  2 |
---------------+-------+-----
Transmutations | 3 |  3.2
Fighting       | |  1.0
Dodging        | |  2.0
Unarmed Combat | |  3.0
Spellcasting   | |  2.0

Action                   || total
-------------------------++-------
Melee: Unarmed           ||    43
       Constrict         ||    12
       Kick              ||     5
       Tentacles         ||     6
 Cast: Beastly Appendage ||    13
 Stab: Sleeping          ||     2
Armor: Skin              ||    11
Dodge: Dodged            ||    36
